| TOP OF THE 1ST |
|
Seattle Mariners batting - Pitching for Cleveland Indians : RHP Jon Glenn
|
|
Pitching: RHP Jon Glenn
|
|
|
Batting: LHB John Zumbo
|
0-0: Called Strike 0-1: Ball 1-1: Ball 2-1: Foul Ball, location: 2F 2-2: Ball 3-2: Fly out, F8 (Flyball, 8LS, EV 84.4 MPH)
|
|
Batting: LHB Bi-jun Chien
|
0-0: Called Strike 0-1: Ball 1-1: Swinging Strike 1-2: Ball 2-2: Foul Ball, location: 2F 2-2: Ball 3-2: Foul Ball, location: 2F 3-2: Hit by Pitch
|
|
Batting: SHB Floyd-William Goof
|
0-0: Ball Bi-jun Chien is caught stealing 2nd base 2-6 1-0: Swinging Strike 1-1: Swinging Strike 1-2: SINGLE (Groundball, 34D, EV 105.0 MPH)
|
|
Batting: SHB Tze-meng Gan
|
0-0: Ball Floyd-William Goof steals 2nd base 1-0: Ball 2-0: Ball 3-0: Called Strike 3-1: SINGLE (Groundball, 6M, EV 82.5 MPH) (infield hit) Floyd-William Goof to third
|
|
Batting: RHB Jose Vasquez
|
0-0: Ball 1-0: Ball 2-0: Ground out U3 (Groundball, 34, EV 105.6 MPH)
|
| Top of the 1st over - 0 runs, 2 hits, 0 errors, 2 left on base; Seattle 0 - Cleveland 0 |
| BOTTOM OF THE 1ST |
|
Cleveland Indians batting - Pitching for Seattle Mariners : LHP Angel Contreras
|
|
Pitching: LHP Angel Contreras
|
|
|
Batting: LHB Fernando Campos
|
0-0: Ball 1-0: Ball 2-0: Called Strike 2-1: Ball 3-1: Ground out U3 (Groundball, 3, EV 88.1 MPH)
|
|
Batting: LHB Kyle Schaible
|
0-0: Foul Ball, location: 2F 0-1: Ball 1-1: Ball 2-1: Foul Ball, location: 2F 2-2: Foul Ball, location: 2F 2-2: Ball 3-2: Foul Ball, location: 2F 3-2: Strikes out looking
|
|
Batting: SHB Moe Lester
|
0-0: Ball 1-0: Ball 2-0: Ball 3-0: Called Strike 3-1: Called Strike 3-2: Strikes out swinging
|
| Bottom of the 1st over - 0 runs, 0 hits, 0 errors, 0 left on base; Seattle 0 - Cleveland 0 |
| TOP OF THE 2ND |
|
Seattle Mariners batting - Pitching for Cleveland Indians : RHP Jon Glenn
|
|
Batting: RHB Steve Bartman Jr.
|
0-0: Called Strike 0-1: DOUBLE (Line Drive, 9LS, EV 106.3 MPH)
|
|
Batting: RHB Corey Ottinger
|
0-0: Bunted foul 0-1: Bunted foul 0-2: Ball 1-2: Foul Ball, location: 2F 1-2: Ball 2-2: Ground out 6-3 (Groundball, 6D, EV 97.5 MPH)
|
|
Batting: RHB Ivan Colon
|
0-0: Foul Ball, location: 2F 0-1: Ball 1-1: Foul Ball, location: 2F 1-2: Ball 2-2: Strikes out swinging
|
|
Batting: SHB Nelson Powell
|
0-0: Called Strike 0-1: Ball 1-1: Foul Ball, location: 2F 1-2: Ball 2-2: Foul Ball, location: 2F 2-2: Strikes out looking
|
| Top of the 2nd over - 0 runs, 1 hit, 0 errors, 1 left on base; Seattle 0 - Cleveland 0 |
| BOTTOM OF THE 2ND |
|
Cleveland Indians batting - Pitching for Seattle Mariners : LHP Angel Contreras
|
|
Batting: SHB Merrick Geter
|
0-0: Called Strike 0-1: Ball 1-1: Called Strike 1-2: Strikes out swinging
|
|
Batting: LHB Arvin Dungca
|
0-0: Swinging Strike 0-1: Ball 1-1: Swinging Strike 1-2: Ball 2-2: Ball 3-2: Base on Balls
|
|
Batting: RHB Paul Word
|
0-0: Ball 1-0: Ball 2-0: Foul Ball, location: 2F 2-1: Swinging Strike 2-2: Ball 3-2: Foul Ball, location: 2F 3-2: Foul Ball, location: 2F 3-2: Ground out 6-3 (Groundball, 6S, EV 71.3 MPH) Arvin Dungca to second
|
|
Batting: LHB Hector Pedroso
|
0-0: Ball 1-0: Foul Ball, location: 2F 1-1: Called Strike 1-2: Strikes out swinging
|
| Bottom of the 2nd over - 0 runs, 0 hits, 0 errors, 1 left on base; Seattle 0 - Cleveland 0 |
| TOP OF THE 3RD |
|
Seattle Mariners batting - Pitching for Cleveland Indians : RHP Jon Glenn
|
|
Batting: LHB John Zumbo
|
0-0: Fly out, F8 (Flyball, 78D, EV 88.8 MPH)
|
|
Batting: LHB Bi-jun Chien
|
0-0: Called Strike 0-1: SOLO HOME RUN (Flyball, 9D, EV 98.1 MPH), Distance : 382 ft
|
|
Batting: SHB Floyd-William Goof
|
0-0: Foul Ball, location: 2F 0-1: Called Strike 0-2: Ball 1-2: Ball 2-2: Ground out 6-3 (Groundball, 6, EV 100.0 MPH)
|
|
Batting: SHB Tze-meng Gan
|
0-0: Swinging Strike 0-1: Ball 1-1: Ball 2-1: Fly out, F6 (Popup, 6M, EV 61.3 MPH)
|
| Top of the 3rd over - 1 run, 1 hit, 0 errors, 0 left on base; Seattle 1 - Cleveland 0 |
| BOTTOM OF THE 3RD |
|
Cleveland Indians batting - Pitching for Seattle Mariners : LHP Angel Contreras
|
|
Batting: SHB Dan Hill
|
0-0: Fly out, F7 (Flyball, 7D, EV 86.9 MPH)
|
|
Batting: RHB Justin Ganey
|
0-0: Called Strike 0-1: Foul Ball, location: 2F 0-2: Foul Ball, location: 2F 0-2: Foul Ball, location: 2F 0-2: Ball 1-2: SINGLE (Flyball, 34D, EV 83.8 MPH)
|
|
Batting: LHB Fernando Campos
|
0-0: Ball 1-0: Called Strike 1-1: Fly out, F7 (Flyball, 7S, EV 89.4 MPH)
|
|
Batting: LHB Kyle Schaible
|
0-0: Ball 1-0: Ground out 4-3 (Groundball, 34, EV 83.8 MPH)
|
| Bottom of the 3rd over - 0 runs, 1 hit, 0 errors, 1 left on base; Seattle 1 - Cleveland 0 |
| TOP OF THE 4TH |
|
Seattle Mariners batting - Pitching for Cleveland Indians : RHP Jon Glenn
|
|
Batting: RHB Jose Vasquez
|
0-0: Fly out, F4 (Flyball, 4MD, EV 78.1 MPH)
|
|
Batting: RHB Steve Bartman Jr.
|
0-0: Foul Ball, location: 2F 0-1: Ball 1-1: Called Strike 1-2: Strikes out looking
|
|
Batting: RHB Corey Ottinger
|
0-0: Ball 1-0: Called Strike 1-1: Foul Ball, location: 2F 1-2: Strikes out swinging
|
| Top of the 4th over - 0 runs, 0 hits, 0 errors, 0 left on base; Seattle 1 - Cleveland 0 |
| BOTTOM OF THE 4TH |
|
Cleveland Indians batting - Pitching for Seattle Mariners : LHP Angel Contreras
|
|
Batting: SHB Moe Lester
|
0-0: Called Strike 0-1: Ball 1-1: Ball 2-1: Foul Ball, location: 2F 2-2: Ball 3-2: Strikes out swinging
|
|
Batting: SHB Merrick Geter
|
0-0: Called Strike 0-1: Ball 1-1: Ball 2-1: Ground out 6-3 (Groundball, 6M, EV 96.3 MPH)
|
|
Batting: LHB Arvin Dungca
|
0-0: Ball 1-0: Called Strike 1-1: Ball 2-1: Ball 3-1: Called Strike 3-2: Foul Ball, location: 2F 3-2: SINGLE (Groundball, 34D, EV 105.0 MPH)
|
|
Batting: RHB Paul Word
|
0-0: Ball 1-0: Swinging Strike 1-1: Foul Ball, location: 2F 1-2: Strikes out looking
|
| Bottom of the 4th over - 0 runs, 1 hit, 0 errors, 1 left on base; Seattle 1 - Cleveland 0 |
| TOP OF THE 5TH |
|
Seattle Mariners batting - Pitching for Cleveland Indians : RHP Jon Glenn
|
|
Batting: RHB Ivan Colon
|
0-0: Ball 1-0: Fly out, F8 (Flyball, 8LS, EV 91.3 MPH)
|
|
Batting: SHB Nelson Powell
|
0-0: Ball 1-0: Ball 2-0: Fly out, F7 (Flyball, 7LS, EV 96.3 MPH)
|
|
Batting: LHB John Zumbo
|
0-0: Ball 1-0: Called Strike 1-1: Ball 2-1: Ball 3-1: Base on Balls
|
|
Batting: LHB Bi-jun Chien
|
0-0: Called Strike 0-1: Ball John Zumbo steals 2nd base (no throw) 1-1: Foul Ball, location: 2F 1-2: Ball 2-2: Strikes out swinging
|
| Top of the 5th over - 0 runs, 0 hits, 0 errors, 1 left on base; Seattle 1 - Cleveland 0 |
| BOTTOM OF THE 5TH |
|
Cleveland Indians batting - Pitching for Seattle Mariners : LHP Angel Contreras
|
|
Batting: LHB Hector Pedroso
|
0-0: Called Strike 0-1: Ball 1-1: Swinging Strike 1-2: Foul Ball, location: 2F 1-2: Ball 2-2: Strikes out swinging
|
|
Pitching: RHP Jesse Crockett
|
|
|
Batting: SHB Dan Hill
|
0-0: Ball 1-0: Foul Ball, location: 2F 1-1: Foul Ball, location: 2F 1-2: Ball 2-2: Ground out U3 (Groundball, 3L, EV 97.5 MPH)
|
|
Batting: RHB Justin Ganey
|
0-0: Called Strike 0-1: Ball 1-1: Foul Ball, location: 2F 1-2: Strikes out looking
|
| Bottom of the 5th over - 0 runs, 0 hits, 0 errors, 0 left on base; Seattle 1 - Cleveland 0 |
| TOP OF THE 6TH |
|
Seattle Mariners batting - Pitching for Cleveland Indians : RHP Jon Glenn
|
|
Batting: SHB Floyd-William Goof
|
0-0: SINGLE (Line Drive, 89M, EV 94.4 MPH)
|
|
Batting: SHB Tze-meng Gan
|
0-0: Ball Floyd-William Goof steals 2nd base 1-0: Ball 2-0: Foul Ball, location: 2F 2-1: Ball 3-1: SINGLE (Groundball, 56D, EV 106.9 MPH) Floyd-William Goof to third
|
|
Batting: RHB Jose Vasquez
|
0-0: Ball 1-0: Foul Ball, location: 2F 1-1: Ball 2-1: Swinging Strike 2-2: Foul Ball, location: 2F 2-2: Ball 3-2: DOUBLE (Flyball, 89XD, EV 111.3 MPH) Floyd-William Goof scores Tze-meng Gan to third
|
|
Batting: RHB Steve Bartman Jr.
|
0-0: Ball 1-0: Ball 2-0: Called Strike 2-1: Foul Ball, location: 2F 2-2: Ball 3-2: Foul Ball, location: 2F 3-2: Foul Ball, location: 2F 3-2: SINGLE (Groundball, 4M, EV 108.8 MPH) (infield hit) Tze-meng Gan scores Jose Vasquez to third
|
|
Pitching: RHP Chris McCown
|
|
|
Batting: RHB Corey Ottinger
|
0-0: Ball 1-0: Fly out, F6 (Line Drive, 6, EV 70.0 MPH)
|
|
Batting: RHB Ivan Colon
|
0-0: Ball Steve Bartman Jr. steals 2nd base 1-0: Called Strike 1-1: Fly out, F9 (Line Drive, 89M, EV 90.0 MPH) Runner from 3rd tags up, OUT at HOME! 9-2
|
| Top of the 6th over - 2 runs, 4 hits, 0 errors, 1 left on base; Seattle 3 - Cleveland 0 |
| BOTTOM OF THE 6TH |
|
Cleveland Indians batting - Pitching for Seattle Mariners : RHP Jesse Crockett
|
|
Batting: LHB Fernando Campos
|
0-0: Swinging Strike 0-1: Called Strike 0-2: Strikes out swinging
|
|
Batting: LHB Kyle Schaible
|
0-0: Called Strike 0-1: Swinging Strike 0-2: Ball 1-2: Foul Ball, location: 2F 1-2: Strikes out swinging
|
|
Batting: SHB Moe Lester
|
0-0: Ball 1-0: Called Strike 1-1: Ground out 1-3 (Groundball, 13S, EV 64.4 MPH)
|
| Bottom of the 6th over - 0 runs, 0 hits, 0 errors, 0 left on base; Seattle 3 - Cleveland 0 |
| TOP OF THE 7TH |
|
Seattle Mariners batting - Pitching for Cleveland Indians : RHP Chris McCown
|
|
Batting: SHB Nelson Powell
|
0-0: Ball 1-0: Ball 2-0: SINGLE (Groundball, 6D, EV 106.3 MPH)
|
|
Batting: LHB John Zumbo
|
0-0: Ball 1-0: Bunt - Flyout to 13S! F1
|
|
Batting: LHB Bi-jun Chien
|
0-0: Called Strike 0-1: Swinging Strike 0-2: Ball 1-2: Strikes out looking
|
|
Batting: SHB Floyd-William Goof
|
0-0: Ball 1-0: Foul Ball, location: 2F 1-1: Ball 2-1: Foul Ball, location: 2F 2-2: DOUBLE (Flyball, 89XD, EV 93.8 MPH) Nelson Powell to third
|
|
Batting: SHB Tze-meng Gan
|
0-0: Ball 1-0: Called Strike 1-1: Fly out, F4 (Popup, 4MD, EV 51.3 MPH)
|
| Top of the 7th over - 0 runs, 2 hits, 0 errors, 2 left on base; Seattle 3 - Cleveland 0 |
| BOTTOM OF THE 7TH |
|
Cleveland Indians batting - Pitching for Seattle Mariners : RHP Jesse Crockett
|
|
Batting: SHB Merrick Geter
|
0-0: Ball 1-0: Ball 2-0: Ground out 4-3 (Groundball, 4MD, EV 104.4 MPH)
|
|
Batting: LHB Arvin Dungca
|
0-0: Foul Ball, location: 2F 0-1: Ball 1-1: Foul Ball, location: 2F 1-2: Ball 2-2: SINGLE (Line Drive, 4D, EV 104.4 MPH)
|
|
Batting: RHB Paul Word
|
0-0: Ball 1-0: Grounds into double play, 6-4-3 (Groundball, 6, EV 86.9 MPH)
|
| Bottom of the 7th over - 0 runs, 1 hit, 0 errors, 0 left on base; Seattle 3 - Cleveland 0 |
| TOP OF THE 8TH |
|
Seattle Mariners batting - Pitching for Cleveland Indians : RHP Chris McCown
|
|
Batting: RHB Jose Vasquez
|
0-0: Called Strike 0-1: Ball 1-1: Ball 2-1: Foul Ball, location: 2F 2-2: Foul Ball, location: 2F 2-2: Ball 3-2: Foul Ball, location: 2F 3-2: Ground out 5-3 (Groundball, 56S, EV 76.9 MPH)
|
|
Batting: RHB Steve Bartman Jr.
|
0-0: Ball 1-0: Swinging Strike 1-1: DOUBLE (Flyball, 78D, EV 93.1 MPH)
|
|
Batting: RHB Corey Ottinger
|
0-0: Called Strike 0-1: Ball 1-1: Ball 2-1: Foul Ball, location: 2F 2-2: Ball 3-2: Strikes out looking
|
|
Batting: RHB Ivan Colon
|
0-0: Ball 1-0: Foul Ball, location: 2F 1-1: Ball 2-1: Fly out, F4 (Popup, 34S, EV 76.3 MPH)
|
| Top of the 8th over - 0 runs, 1 hit, 0 errors, 1 left on base; Seattle 3 - Cleveland 0 |
| BOTTOM OF THE 8TH |
|
Cleveland Indians batting - Pitching for Seattle Mariners : RHP Jesse Crockett
|
|
Pitching: RHP William Cordero
|
|
|
Batting: LHB Hector Pedroso
|
0-0: Ball 1-0: Ball 2-0: Called Strike 2-1: Called Strike 2-2: Ball 3-2: Base on Balls
|
|
Batting: SHB Dan Hill
|
0-0: Ball 1-0: Foul Ball, location: 2F 1-1: Called Strike 1-2: Foul Ball, location: 2F 1-2: Foul Ball, location: 2F 1-2: Ball 2-2: Strikes out swinging
|
|
Batting: RHB Justin Ganey
|
0-0: Called Strike 0-1: Ball 1-1: Called Strike 1-2: Ball 2-2: Ball 3-2: Strikes out swinging
|
|
Batting: LHB Fernando Campos
|
0-0: Ball 1-0: Called Strike 1-1: Called Strike 1-2: Ball Pickoff Throw to First - Out! 1-3
|
| Bottom of the 8th over - 0 runs, 0 hits, 0 errors, 0 left on base; Seattle 3 - Cleveland 0 |
| TOP OF THE 9TH |
|
Seattle Mariners batting - Pitching for Cleveland Indians : RHP Chris McCown
|
|
Pitching: RHP Hector Guerrero
|
|
|
Batting: SHB Nelson Powell
|
0-0: Called Strike 0-1: SINGLE (Groundball, 6M, EV 85.0 MPH) (infield hit)
|
|
Batting: LHB John Zumbo
|
0-0: Reached on error, E3 (Groundball, 23, EV 43.8 MPH) Nelson Powell to third
|
|
Batting: LHB Bi-jun Chien
|
0-0: Ball 1-0: Ball 2-0: Fly out, F8 (Flyball, 78XD, EV 91.9 MPH) Runner from 3rd tags up, SCORES, no throw by CF John Zumbo to third
|
|
Batting: SHB Floyd-William Goof
|
0-0: Ball 1-0: SINGLE (Line Drive, 56D, EV 100.0 MPH) John Zumbo scores
|
|
Batting: SHB Tze-meng Gan
|
0-0: Called Strike 0-1: Ball 1-1: Ball Floyd-William Goof steals 2nd base 2-1: Swinging Strike 2-2: Strikes out swinging
|
|
Batting: RHB Jose Vasquez
|
0-0: Ball 1-0: Fly out, F2 (Popup, 23F, EV 84.4 MPH)
|
| Top of the 9th over - 2 runs, 2 hits, 1 error, 1 left on base; Seattle 5 - Cleveland 0 |
| BOTTOM OF THE 9TH |
|
Cleveland Indians batting - Pitching for Seattle Mariners : RHP William Cordero
|
|
Batting: LHB Fernando Campos
|
0-0: Ground out U3 (Groundball, 3, EV 83.8 MPH)
|
|
Batting: LHB Kyle Schaible
|
0-0: Ball 1-0: Ball 2-0: Called Strike 2-1: Ball 3-1: Fly out, F9 (Flyball, 89M, EV 88.8 MPH)
|
|
Batting: SHB Moe Lester
|
0-0: Called Strike 0-1: Ground out U3 (Groundball, 3, EV 83.8 MPH)
|
| Bottom of the 9th over - 0 runs, 0 hits, 0 errors, 0 left on base; Seattle 5 - Cleveland 0 |
|